Unix NetHack Version 3.7.0-102 Work-in-progress - last build Apr 6 2024 13:22:21 (d302a6a9ff6341f1a922d8f5af178406b35fdf99,branch:master). Game began 2024-04-28 12:41:14, ended 2024-04-28 18:50:32. DoktorL, lawful male human Knight |.. ---... |?...- ------...- ----- |!..*%....| A ...| |..@------- @ ---------z.-- ----*-- |.......|a..-- --...... |..Bz..@|aa.A---....... |..@@..aa@.&Aaa*a..... a|...a.a.|a...---..... h |.....a.|aa@-- --... ---------..-- --- A@ A ...| ----- DoktorL the Knight St:17 Dx:18 Co:18 In:6 Wi:17 Ch:18 Lawful S:836985 Astral Plane $:1031 HP:229(231) Pw:90(107) AC:-23 Xp:15/190665 T:28207 Latest messages: You see here a statue of a killer bee. Pestilence moves the giant beetle out of the way! The zruty misses! The zruty misses! The zruty misses! Sean the invisible Traveler turns to flee. You hear a mumbled curse. The priest of Moloch casts a spell! The priest of Moloch summons insects! You caitiff! You hit Sean the invisible Traveler with the cockatrice corpse. Sean the invisible Traveler is slowing down. Sean the invisible Traveler turns to stone. The giant ant snaps wildly and misses! The killer bee misses! You hit the giant beetle with the cockatrice corpse. The giant beetle is slowing down. The giant beetle turns to stone. The soldier ant turns to flee. The giant ant misses! The killer bee misses! The zruty hits! The zruty misses! The zruty bites! You hear a mumbled curse. You hear a mumbled curse. The killer bee misses! You see here a statue of a giant beetle. The fire ant turns to flee. The giant beetle turns to flee. The vampire bat turns to flee. Pick an object. The giant beetle turns to flee. Pestilence moves the Angel of Lugh out of the way! The vampire bat turns to flee. You hear a mumbled curse. You hear a chugging sound. # What do you want to sacrifice? [m or ?*] You offer the Amulet of Yendor to Lugh... An invisible choir sings, and you are bathed in radiance... The voice of Lugh thunders: "Mortal, thou hast done well!" "In return for thy service, I grant thee the gift of Immortality!" You ascend to the status of Demigod... Do you want your possessions identified? [ynq] (y) Do you want to see your attributes? [ynq] (y) Do you want an account of creatures vanquished? [ynaq] (y) Do you want a list of species genocided? [ynaq] (y) Do you want to see your conduct and achievements? [ynq] (y) Do you want to see the dungeon overview? [ynq] (y) Inventory: Coins $ - 1031 gold pieces Amulets n - an uncursed amulet of reflection (being worn) Weapons a - the blessed rustproof +5 Excalibur b - a blessed rustproof +3 long sword named good (alternate weapon; not wielded) Armor E - a blessed rusty +3 helm of caution (being worn) h - a blessed +3 pair of gauntlets of dexterity (being worn) A - an uncursed thoroughly burnt +0 pair of elven boots v - a blessed +2 pair of jumping boots (being worn) T - a blessed +5 oilskin cloak (being worn) p - a blessed +5 gray dragon scale mail named easy mode (being worn) Comestibles F - an uncursed food ration N - an uncursed cockatrice corpse (wielded) H - 2 uncursed lizard corpses Scrolls y - an uncursed scroll of destroy armor K - an uncursed scroll of teleportation Spellbooks I - the uncursed Book of the Dead Potions G - a cursed potion of sickness Rings B - a blessed ring of free action (on right hand) c - a blessed +2 ring of gain strength O - an uncursed ring of levitation j - an uncursed ring of shock resistance (on left hand) P - an uncursed ring of shock resistance J - an uncursed ring of teleport control X - an uncursed ring of teleport control Wands Y - a wand of death (1:3) q - a wand of death (0:0) D - a wand of death (1:0) x - a blessed wand of digging (0:7) r - a wand of digging (0:6) U - a wand of digging (0:0) W - a blessed wand of sleep (0:2) k - a wand of speed monster (0:0) d - a wand of teleportation (0:2) u - a wand of teleportation (0:2) f - a wand of teleportation (0:1) Tools t - a blessed bag of holding containing 50 items w - an uncursed bugle M - the Bell of Opening (0:2) V - an uncursed blindfold named ALL RES i - the uncursed Candelabrum of Invocation (0 of 7 candles attached) S - a magic marker (1:5) C - a magic marker (1:0) L - the uncursed Magic Mirror of Merlin l - a blessed oil lamp (lit) s - an uncursed skeleton key e - a blessed +0 unicorn horn Gems/Stones g - a blessed luckstone Contents of the bag of holding: a cheap plastic imitation of the Amulet of Yendor 7 +0 daggers the rustproof +0 Demonbane an uncursed +0 cloak of displacement an uncursed +0 mummy wrapping an uncursed sprig of wolfsbane an uncursed cockatrice corpse 2 uncursed cockatrice corpses a blessed scroll of blank paper 3 cursed scrolls of blank paper a blessed scroll of charging an uncursed scroll of create monster an uncursed scroll of identify a cursed scroll of remove curse 2 uncursed potions of booze 2 uncursed diluted potions of full healing an uncursed potion of gain level an uncursed potion of levitation an uncursed diluted potion of monster detection a blessed potion of restore ability named blessed . an uncursed potion of restore ability 3 potions of holy water an uncursed ring of free action an uncursed +1 ring of increase damage a cursed ring of invisibility an uncursed ring of polymorph a cursed ring of polymorph a blessed +1 ring of protection an uncursed ring of shock resistance an uncursed ring of stealth an uncursed ring of teleport control an uncursed ring of teleportation a wand of cold (0:4) a wand of cold (0:3) a wand of cold (0:0) a wand of create monster (0:13) a wand of digging (0:6) a wand of digging (0:4) a cursed wand of digging (0:4) a wand of make invisible (0:3) a wand of sleep (0:1) a wand of striking (0:7) a wand of striking (0:4) a wand of striking (0:3) a cursed wand of striking (0:4) a wand of teleportation (0:0) a drum of earthquake (0:7) an uncursed oil lamp an uncursed oil lamp 4 uncursed wax candles DoktorL the Knight's attributes: Background: You were a Knight, level 15 male human. You were lawful, on a mission for Lugh who was opposed by Brigit (neutral) and Manannan Mac Lir (chaotic). You were left-handed. You were in the endgame, on the Astral Plane. You entered the dungeon 28207 turns ago. You had 190665 experience points, 129335 more were needed to attain level 16. Your score was 836985 before end-of-game adjustments. Basics: You had 229 out of 231 hit points. You had 90 out of 107 energy points (spell power). Your armor class was -23. Your wallet contained 1031 zorkmids. Autopickup was on for '?!=/' plus thrown, with exceptions. Final Characteristics: Your strength was 17 (peak:18, limit:18/100). Your dexterity was 18 (base:15, limit:18). Your constitution was 18 (limit:18). Your intelligence was 6 (peak:7, limit:18). Your wisdom was 17 (limit:18). Your charisma was 18 (limit:18). Final Status: You weren't hungry. You were unencumbered. You were wielding a corpse. Final Attributes: You were piously aligned. You were magic-protected. You were fire resistant. You were cold resistant. You were sleep resistant. You were shock resistant. Your items were protected from electric shocks. You were poison resistant. You saw invisible. You were telepathic. You were warned. You were invisible to others. You could jump. You could teleport. You had a small defense bonus (+3). You were guarded. You were very fast. You had reflection. You had free action. You were extremely lucky. You had extra luck. Good luck did not time out for you. You survived. Miscellaneous: You disabled loading of bones levels. Total elapsed playing time was 4 hours, 16 minutes and 11 seconds. Major events: Turn 1: DoktorL the lawful male human Knight entered the dungeon 972: attained the rank of Esquire (level 3) 1104: entered the Gnomish Mines 2488: reached Mine Town 2943: made his first wish - "holy greased +2 gray dragon scale mail named easy mode", got "a greased gray dragon scale mail named easy mode" 3393: attained the rank of Bachelor (level 6) 4132: received Excalibur from a strange woman laying about in a pond 5332: acquired the Mines' End luckstone 6438: entered Sokoban 7018: completed 2nd Sokoban level 7376: completed 3rd Sokoban level 8194: completed 4th Sokoban level 8477: attained the rank of Sergeant (level 10) 8484: acquired the Sokoban bag of holding 11925: was bestowed with Demonbane by Lugh 13041: performed his first genocide (shocking spheres) 15290: killed Medusa 16558: wished for "marker", got "a magic marker" 16729: wished for "2 cursed genocide", got "2 scrolls labeled YUM YUM" 16826: genocided class L 17505: wished for "holy amulet of reflection", got "a square amulet" 18155: attained the rank of Knight (level 14) 19247: killed Ixoth 19247: found the Magic Mirror of Merlin carried by a monster 19249: acquired the Bell of Opening 19856: entered Gehennom 20582: killed Juiblex 21010: bribed Asmodeus with 2400 zorkmids for safe passage 21191: bribed Baalzebub with 617 zorkmids for safe passage 21955: wished for "holy free action", got "a ring" 22175: killed Yeenoghu 22401: killed Orcus 22689: wished for "marker", got "a magic marker" 23219: destroyed Vlad the Impaler 23221: acquired the Candelabrum of Invocation 25333: killed the Wizard of Yendor 25335: acquired the Book of the Dead 25373: performed the invocation 25786: killed the high priestess of Moloch 25794: acquired The Amulet of Yendor 26314: killed the Wizard of Yendor (2nd time) 26466: killed the Wizard of Yendor (3rd time) 27633: killed the Wizard of Yendor (5th time) 27835: entered the Elemental Planes 27835: entered Plane of Earth 27878: entered Plane of Air 28000: entered Plane of Fire 28043: entered Plane of Water 28142: entered the Astral Plane 28167: wished for "holy +2 jumping boots", got "a pair of jungle boots" 28180: killed Pestilence 28207: ascended Vanquished creatures: Orcus Yeenoghu an erinys Juiblex the Wizard of Yendor (7 times) Pestilence Vlad the Impaler a high cleric a mastodon Medusa a kraken 2 iron golems a storm giant a glass golem a balrog 4 purple worms 2 gray dragons a gold dragon a silver dragon 5 red dragons a white dragon 3 orange dragons 3 black dragons a green dragon 3 yellow dragons 20 minotaurs 2 jabberwocks Ixoth 4 baluchitheria 2 Angels a demilich 4 stone golems a master mind flayer an Olog-hai a Nazgul 3 pit fiends 3 sandestins 5 hell hounds 2 displacer beasts 2 titanotheres a baby silver dragon 3 baby red dragons 3 genetic engineers 5 disenchanters 15 vampire leaders 5 skeletons 13 aligned clerics a captain 6 shades 2 liches 4 nurses 5 ice devils 9 nalfeshnees a lurker above an Aleax 2 frost giants a golden naga 6 black puddings 20 vampires 3 lieutenants 14 ghosts a tourist a queen bee 2 mind flayers 5 giant mimics 2 long worms 7 zruties 5 ogre tyrants 5 ice trolls 4 umber hulks 3 flesh golems 4 elven monarchs 4 doppelgangers 7 hezrous 10 bone devils 2 large mimics a wumpus 8 fire vortices 7 stalkers 9 air elementals 12 fire elementals 6 earth elementals 10 water elementals a hill giant 3 giant mummies 2 black nagas 8 xorns 7 giant zombies 9 elf-nobles 11 sergeants 8 barbed devils 6 vrocks 3 salamanders a warg a winter wolf 6 hell hound pups 2 small mimics a warhorse 11 steam vortices 9 xans 2 ettin mummies 6 ogre leaders 5 quantum mechanics 9 trolls 2 wood golems 6 mariliths a djinni 4 sharks 5 gelatinous cubes 3 pyrolisks 2 large dogs 2 freezing spheres 10 flaming spheres 2 shocking spheres 2 large cats 6 tigers 6 gargoyles 6 tengu 22 ochre jellies 4 leocrottas 7 energy vortices 2 mountain centaurs a stone giant 3 elf mummies a human mummy 6 red nagas a green slime 2 pythons 3 pit vipers 4 cobras 19 wraiths 2 carnivorous apes 12 ettin zombies 3 leather golems 8 Grey-elves 48 soldiers 3 watchmen 5 amorous demons 6 horned devils 2 chameleons a crocodile 12 giant beetles 14 cockatrices 5 winter wolf cubs a lynx 8 gremlins a spotted jelly a leprechaun an orc-captain 4 iron piercers 2 mumakil 12 giant spiders 2 scorpions a horse 3 ice vortices 5 black lights 8 vampire bats a forest centaur 5 gnome rulers 4 orc mummies a dwarf mummy 4 ogres 3 rust monsters 7 owlbears 6 yetis a gold golem a werewolf 5 Green-elves 3 piranha 9 giant eels 8 lizards 3 chickatrices 3 dogs 2 housecats 5 jaguars 2 blue jellies a black unicorn 5 dust vortices 2 ravens 2 gnome mummies 3 snakes 10 apes 18 human zombies a rope golem 4 Woodland-elves 8 soldier ants 6 fire ants 9 bugbears 57 quasits a wood nymph 4 mountain nymphs 4 Mordor orcs 9 Uruk-hai 6 rock piercers 3 rock moles 3 ponies 4 fog clouds 13 yellow lights 3 shriekers a violet fungus 10 gnome leaders 11 gnomish wizards 5 kobold mummies a gray ooze 4 barrow wights 6 elf zombies 4 ghouls 3 straw golems 12 giant ants 4 little dogs 3 floating eyes 2 kittens 3 dwarves 2 homunculi 2 kobold leaders 2 kobold shamans 29 hill orcs 9 rothes a centipede 2 giant bats 2 monkeys 8 orc zombies 7 dwarf zombies 2 wererats 2 werejackals 3 iguanas 14 killer bees 4 acid blobs 3 coyotes 4 hobbits 11 manes a large kobold 6 hobgoblins 3 giant rats a cave spider a brown mold 2 yellow molds 3 red molds 42 gnomes 5 garter snakes 13 gnome zombies 9 geckos a fox 2 kobolds 3 goblins a sewer rat 10 grid bugs 5 bats 7 lichens 5 kobold zombies 6 newts 1297 creatures vanquished. Genocided species: arch-liches master liches demiliches liches shocking spheres 5 species genocided. Voluntary challenges: You read items or engraved 82 times. You never engraved Elbereth. You genocided 5 types of monsters. You never polymorphed an object. You never changed form. You used 7 wishes. You did not wish for any artifacts. You did not violate any of the special Sokoban rules. Achievements: You attained the rank of Esquire. You entered the Gnomish Mines. You entered Minetown. You entered a shop. You entered a temple. You attained the rank of Bachelor. You completed the Gnomish Mines. You entered Sokoban. You attained the rank of Sergeant. You completed Sokoban. You defeated Medusa. You attained the rank of Knight. You had the Bell of Opening. You entered Gehennom. You had the Candelabrum of Invocation. You had the Book of the Dead. You gained access to Moloch's Sanctum. You reached the Elemental Planes. You reached the Astral Plane. You delivered the Amulet of Yendor. You ascended! The Elemental Planes: Astral Plane: <- You are here. A temple and an altar to Lugh. Plane of Water: Plane of Fire: Plane of Air: Plane of Earth: The Dungeons of Doom: levels 1 to 25 Level 1: One way stairs up to The Elemental Planes. Level 2: "V" A fountain. Level 3: A fountain. Level 4: Stairs down to The Gnomish Mines. Level 5: A fountain. Level 6: Level 7: "V" Level 8: A fountain. Level 9: Stairs up to Sokoban, level 8. Level 10: A fountain. Level 11: A sink. Level 12: "TELE CLOSET" Some fountains. Level 13: "TELE CLOSET" Level 14: "WWWWW" A fountain. Level 15: A primitive area. Summoned by King Arthur. Portal to The Quest. Level 16: "THRONE" Many fountains, a sink. Level 17: A grave. Level 18: Level 19: Level 20: An altar to Lugh. Level 21: Level 22: Level 23: Level 24: Level 25: Connection to Gehennom. Gehennom: levels 26 to 49 Level 26: A temple and an altar, many graves. Valley of the Dead. Level 27: Level 28: Level 29: A fountain. Level 30: Level 31: Level 32: Level 33: Level 34: Level 35: Level 36: Stairs up to Vlad's Tower, level 35. Level 37: An altar, a grave. Level 38: Level 39: Level 40: Level 41: Level 42: Level 43: Level 44: Level 45: Level 46: "TOWER" Level 47: Level 48: Level 49: A temple and an altar, many graves. Moloch's Sanctum. The Gnomish Mines: levels 5 to 12 Level 5: Level 6: Level 7: Some shops, a temple and an altar, some fountains. Level 8: Level 9: "stash, heal book" Level 10: Level 11: Level 12: A fountain. The Quest: levels 1 to 5 Level 1: A throne. Given quest by King Arthur. Level 2: Level 3: A temple and an altar. Level 4: Level 5: Sokoban: levels 8 up to 5 Level 5: Solved. Level 6: Solved. Level 7: Solved. Level 8: Unsolved. Vlad's Tower: levels 35 up to 33 Level 33: Level 34: Level 35: Fare thee well DoktorL the Demigod... You went to your reward with 1744120 points, Excalibur (worth 4000 zorkmids and 10000 points) The Candelabrum of Invocation (worth 5000 zorkmids and 12500 points) Demonbane (worth 2500 zorkmids and 6250 points) The Book of the Dead (worth 10000 zorkmids and 25000 points) The Magic Mirror of Merlin (worth 1500 zorkmids and 3750 points) The Bell of Opening (worth 5000 zorkmids and 12500 points) 1 amulet of reflection (worth 150 zorkmids), 1 cheap plastic imitation of the Amulet of Yendor (worth 0 zorkmids), and 1031 pieces of gold, after 28207 moves. You were level 15 with a maximum of 231 hit points when you ascended.